 Dungeon Crawl Stone Soup version 0.27.0-1-g7a089689b8 (webtiles) character file.

Game seed: 15748024918147144739

12660 sanka the Cleaver (level 12, -8/92 HPs)
             Began as a Formicid Warper on Aug 2, 2021.
             Was the Champion of Zin.
             Succumbed to a green ugly thing's poison
             ... on level 11 of the Dungeon on Aug 3, 2021.
             The game lasted 00:32:52 (13488 turns).

sanka the Cleaver (Formicid Warper)                Turns: 13488, Time: 00:32:52

Health: -8/92      AC: 24    Str: 19    XL:     12   Next: 23%
Magic:  19/19      EV:  4    Int: 13    God:    Zin [******]
Gold:   920        SH: 16    Dex: 10    Spells: 15/15 levels left

rFire    + . .     SeeInvis +   y - +2 battleaxe (flame)
rCold    + . .     Faith    .   K - +0 tower shield
rNeg     . . .     Spirit   .   o - +0 plate armour
rPois    .         Reflect  .   (helmet unavailable)
rElec    .         Harm     .   F - +0 cloak
rCorr    .         Rampage  .   M - +2 pair of gloves
Will     +....                  f - +1 pair of boots {Stlth+}
Stlth    ..........             A - amulet "Josigy" {RegenMP rF++ Regen+ Int-2}
HPRegen  1.25/turn              B - +4 ring of protection
MPRegen  0.41/turn              J - ring of ice

@: lethally poisoned (-8 -> -39), studying Slings
A: permanent stasis, dig shafts and tunnels, antennae 3, four strong arms
a: Dig, Shaft Self, Renounce Religion, Recite, Vitalisation, Imprison,
Sanctuary, Donate Gold


You were on level 11 of the Dungeon.
You worshipped Zin.
Zin was exalted by your worship.
You visited 2 branches of the dungeon, and saw 12 of its levels.
You also visited: Sewer.

You collected 1022 gold pieces.
You donated 102 gold pieces to Zin.


Innate Abilities, Weirdness & Mutations

You cannot be hasted, slowed, berserked, paralysed or teleported.
You can dig through walls and to a lower floor.
You have a pair of large antennae on your head. (SInv)
Your four strong arms can wield two-handed weapons with a shield.


   Skills:
 - Level 8.0 Fighting
 - Level 12.0 Axes
 - Level 1.0 Throwing
 - Level 8.0 Armour
 - Level 1.7 Dodging
 - Level 8.0 Shields
 - Level 2.1 Spellcasting
 - Level 2.6 Translocations
 + Level 9.7 Invocations


You had 15 spell levels left.
You didn't know any spells.
Your spell library contained the following spells:

 Spells                   Type           Power      Damage    Failure   Level
 Magic Dart               Conj           4%         1d3       100%        1
 Sting                    Tmut/Pois      4%         1d3       100%        1
 Summon Small Mammal      Summ           4%         N/A       100%        1
 Call Imp                 Summ           1%         N/A       100%        2
 Passwall                 Tmut/Erth      0%         N/A       100%        2
 Searing Ray              Conj           2%         3d3       100%        2
 Sublimation of Blood     Necr           0%         N/A       100%        2
 Wereblood                Tmut           1%         N/A       100%        2
 Call Canine Familiar     Summ           1%         N/A       100%        3
 Gell's Gravitas          Tloc           4%         N/A       100%        3
 Lesser Beckoning         Tloc           4%         N/A       100%        3
 Mephitic Cloud           Conj/Pois/Air  1%         N/A       100%        3
 Summon Guardian Golem    Hex/Summ       1%         N/A       100%        3
 Teleport Other           Tloc           8%         N/A       100%        3
 Fulminant Prism          Conj/Hex       0%         3d6       100%        4
 Freezing Cloud           Conj/Ice/Air   1%         6-21      100%        5
 Lightning Bolt           Conj/Air       0%         1d11      100%        5
 Manifold Assault         Tloc           8%         N/A       100%        5
 Summon Hydra             Summ           0%         N/A       100%        7
 Blink                    Tloc           Unusable   N/A       N/A         2

Inventory:

Hand Weapons
 a - a +0 vampiric hand axe
 e - a +2 whip of freezing
 y - a +2 battleaxe of flaming (weapon)
Missiles
 n - 7 javelins (quivered)
 x - 51 poisoned darts
 C - 13 boomerangs
Armour
 f - a +1 pair of boots of stealth (worn)
 o - a +0 plate armour (worn)
 F - a +0 cloak (worn)
 K - a +0 tower shield (worn)
 M - a +2 pair of gloves (worn)
Magical Staves
 h - a staff of cold
Jewellery
 c - a +6 ring of strength
 g - a ring of resist corrosion
 i - an amulet of reflection
 l - a ring of positive energy
 A - the amulet "Josigy" (around neck) {RegenMP rF++ Regen+ Int-2}

   [amulet of magic regeneration]

   It increases your rate of magic regeneration.
   Int:       It affects your intelligence (-2).
   rF:        It greatly protects you from fire.
   Regen:     It increases your rate of health regeneration.
 B - a +4 ring of protection (left hand)
 J - a ring of ice (right hand)
 O - a ring of flight
Wands
 D - a wand of paralysis (7)
 H - a wand of iceblast (5)
 N - a wand of charming (8)
Scrolls
 j - a scroll of immolation {unknown}
 k - 2 scrolls of amnesia
 u - 2 scrolls of noise {unknown}
 v - a scroll of identify {@r1}
 G - 3 scrolls of fog
 I - 4 scrolls of vulnerability {unknown}
 P - a scroll of torment {unknown}
Potions
 b - 6 potions of flight
 d - a potion of cancellation {unknown}
 m - 9 potions of curing {@q1}
 p - a potion of berserk rage {unknown}
 q - a potion of mutation {unknown}
 r - 5 potions of ambrosia
 s - a potion of invisibility {unknown}
 t - 2 potions of lignification {unknown}
 w - a potion of resistance {unknown}
 z - 3 potions of brilliance
 E - 2 potions of might {unknown}
 L - a potion of attraction {unknown}

Dungeon Overview and Level Annotations

Branches:
Dungeon (11/15)            Temple (1/1) D:6            Lair (0/6) D:8
  Sewer (visited)
    Orc: D:9-12

Altars:
Cheibriados
Dithmenos
Fedhas
Kikubaaqudgha
Makhleb
Okawaru
Qazlal
Ru
Sif Muna
Trog
Vehumet
Yredelemnul
Zin
The Shining One
Lugonu

Annotations:
D:2 Terence
D:9 2 transporters
D:10 Urug

....▒▒▒▒▒..▒▒▒........▒....▒.....
▒▒▒▒▒...▒.............▒▒▒..▒.....
...▒....▒▒▒▒▒▒▒▒▒▒▒▒▒▒▒▒▒..▒▒....
...▒.......(......▒▒........▒..▒.
...▒..............▒▒........▒..▒.
▒▒▒▒▒▒▒▒▒▒.....[..▒▒........▒..▒.
...[.....▒▒▒▒▒▒▒'▒▒▒▒▒▒▒▒▒▒▒▒....
▒▒..)............................
▒.<..........u.B...▒▒▒▒.........
▒..................▒ ▒...(.....
▒▒....▒▒.......▒....▒ ▒.........
......▒▒.......▒....▒▒▒▒.........
...............................(.
▒▒▒▒▒▒▒▒▒▒▒▒▒▒▒▒▒▒▒▒▒▒▒▒▒▒▒▒▒▒▒▒▒


You could see a green ugly thing.


Message History

You block the green ugly thing's attack.
You barely miss the green ugly thing.
The green ugly thing is almost dead.
The green ugly thing stings you but does no damage.
You block the green ugly thing's attack.
You closely miss the green ugly thing.
The green ugly thing is almost dead.
The green ugly thing stings you!
* * * LOW HITPOINT WARNING * * *
You block the green ugly thing's attack.
You slash the green ugly thing! You burn the green ugly thing.
The green ugly thing is almost dead.
You block the green ugly thing's attack.
You slash the green ugly thing! You burn the green ugly thing.
The green ugly thing is almost dead.
The green ugly thing stings you.
* * * LOW HITPOINT WARNING * * *
You are poisoned.
The green ugly thing poisons you! The green ugly thing stings you!
* * * LOW HITPOINT WARNING * * *
You are more poisoned.
The green ugly thing poisons you!
* * * LOW HITPOINT WARNING * * *
You feel extremely sick.
* * * LOW HITPOINT WARNING * * *
You feel extremely sick.
You die...

Action                   |  1- 3 |  4- 6 |  7- 9 | 10-12 || total
-------------------------+-------+-------+-------+-------++-------
Melee: Whip              |    78 |   118 |       |       ||   196
       Hand axe          |       |    77 |    49 |       ||   126
       Battleaxe         |       |       |   289 |   514 ||   803
Throw: Boomerang         |       |     4 |     1 |       ||     5
       Javelin           |       |       |     1 |     9 ||    10
Invok: Recite            |       |       |       |     1 ||     1
 Abil: Dig               |       |     1 |       |       ||     1
  Use: Scroll            |       |       |    14 |     2 ||    16
       Potion            |       |       |       |     1 ||     1
Armor: Leather armour    |    26 |       |       |       ||    26
       Plate armour      |    13 |   119 |   194 |   394 ||   720
Dodge: Dodged            |    35 |    50 |    86 |    82 ||   253
Block: Buckler           |       |    32 |    45 |    25 ||   102
       Tower shield      |       |       |       |   322 ||   322

Levels and vault maps discovered:
D:1:      beargit_arrival_greenhouse, layout_basic, minmay_pentomino_u2
D:2:      layout_rooms, uniq_terence, uniq_robin
D:3:      layout_basic, lemuel_coloured_pillars_altar, columned_hall_lemuel,
          minmay_mini_jars
D:4:      layout_rooms, mainiacjoe_overflow_small_starburst,
          kennysheep_generic_room_13, uniq_duvessa
D:5:      layout_basic, gup_sewer_entry_pipe, minmay_quadrilaterals,
          uniq_menkaure
D:6:      layout_layer_cave, minmay_temple_entry_antechambers, dk_vineyard_3,
          minmay_manual_mess, uniq_crazy_yiuf_cottage
D:7:      layout_basic, overflow_temple_1_default, jmf_multi_god_temple,
          hellmonk_bongcloud_opening, minmay_nine_imps
D:8:      layout_loops_ring, mainiacjoe_overflow_brackets, david_lair_generic,
          uniq_grum
D:9:      gammafunk_corrupted_shrine, layout_basic
D:10:     erik_rubicon_b, layout_irregular_city, erik_orc_1,
          minmay_fractal_squares_gapless_5, uniq_urug
D:11:     layout_stronghold, lemuel_old_faithful
Temple:   eino_temple_scatter_basement

Notes
Turn   | Place    | Note
-------+----------+-------------------------------------------
     0 | D:1      | sanka the Formicid Warper began the quest for the Orb.
     0 | D:1      | Reached XP level 1. HP: 16/16 MP: 3/3
   370 | D:1      | Reached XP level 2. HP: 6/22 MP: 5/5
   733 | D:1      | Reached skill level 3 in Axes
   816 | D:1      | Reached XP level 3. HP: 26/27 MP: 6/6
  1171 | D:2      | Noticed Terence
  1521 | D:2      | Reached XP level 4. HP: 34/34 MP: 7/7
  1575 | D:2      | Reached skill level 4 in Axes
  1639 | D:2      | Noticed Robin
  1658 | D:2      | Killed Robin
  2379 | D:3      | Found a basalt altar of Yredelemnul.
  2751 | D:3      | Reached skill level 3 in Fighting
  3477 | D:3      | Reached XP level 5. HP: 41/41 MP: 8/8
  3605 | D:3      | Reached skill level 1 in Shields
  3748 | D:4      | Noticed Duvessa
  3748 | D:4      | Noticed Dowan
  3812 | D:4      | Noticed a necrophage
  3837 | D:3      | Killed a necrophage
  3838 | D:3      | Reached skill level 5 in Axes
  3838 | D:3      | Reached skill level 2 in Shields
  3838 | D:3      | Reached XP level 6. HP: 21/47 MP: 9/9
  4060 | D:4      | Noticed a black bear
  4079 | D:3      | Killed a black bear
  4440 | D:4      | Found a stormy altar of Qazlal.
  4704 | D:3      | Reached skill level 6 in Axes
  4834 | D:3      | Reached XP level 7. HP: 52/52 MP: 10/10
  5135 | D:3      | Identified 4 scrolls of acquirement
  5135 | D:3      | Acquired a +1 battleaxe of flaming
  5137 | D:3      | Acquired the amulet "Josigy" {RegenMP rF++ Regen+ Int-2}
  5139 | D:3      | Acquired a +4 ring of protection
  5140 | D:3      | Acquired a +1 pair of boots of stealth
  5245 | D:4      | Killed Duvessa
  5246 | D:4      | Reached skill level 7 in Axes
  5254 | D:4      | HP: 4/52 [Dowan/shard of ice (22)]
  5259 | D:4      | HP: 5/52 [poisoned by Dowan]
  5744 | D:4      | Killed Dowan
  5745 | D:4      | Reached skill level 8 in Axes
  5745 | D:4      | Reached XP level 8. HP: 31/58 MP: 11/11
  6017 | D:5      | Entered Level 5 of the Dungeon
  6298 | D:5      | Found a glowing drain.
  6314 | Sewer    | Entered a sewer
  6383 | Sewer    | Reached skill level 9 in Axes
  6399 | Sewer    | Found a white marble altar of Elyvilon.
  6408 | Sewer    | Became a worshipper of Elyvilon the Healer
  6768 | D:5      | Reached skill level 10 in Axes
  6786 | D:5      | Noticed Menkaure
  6791 | D:5      | Killed Menkaure
  6792 | D:5      | Reached XP level 9. HP: 8/63 MP: 12/12
  7282 | D:6      | Reached * piety under Elyvilon
  7338 | D:6      | Found a staircase to the Ecumenical Temple.
  7484 | Temple   | Entered the Ecumenical Temple
  7505 | Temple   | Fell from the grace of Elyvilon
  7505 | Temple   | Became a worshipper of Zin the Law-Giver
  7505 | Temple   | Reached * piety under Zin
  7565 | D:6      | Reached skill level 11 in Axes
  7921 | D:6      | Reached skill level 12 in Axes
  8481 | D:6      | Found a runed translucent door.
  8482 | D:6      | Noticed Crazy Yiuf
  8488 | D:6      | Killed Crazy Yiuf
  8574 | D:7      | Found a snail-covered altar of Cheibriados.
  8603 | D:7      | Got the Incunabulum of Mutagenic Air
  8634 | D:7      | Reached skill level 2 in Armour
  8648 | D:7      | Reached skill level 4 in Fighting
  8648 | D:7      | Reached XP level 10. HP: 71/71 MP: 13/13
  8653 | D:7      | Reached skill level 3 in Armour
  8658 | D:7      | Reached ** piety under Zin
  8658 | D:7      | Reached *** piety under Zin
  8658 | D:7      | Reached **** piety under Zin
  8658 | D:7      | Reached ***** piety under Zin
  8969 | D:7      | Found an iron altar of Okawaru.
  8969 | D:7      | Found a burning altar of Makhleb.
  9119 | D:7      | Reached skill level 5 in Fighting
  9119 | D:7      | Reached skill level 4 in Armour
  9264 | D:7      | Reached skill level 1 in Invocations
  9388 | D:8      | Reached ****** piety under Zin
  9420 | D:8      | Reached skill level 2 in Invocations
  9486 | D:8      | Identified +0 steam dragon scales
  9487 | D:8      | Reached skill level 5 in Armour
  9513 | D:8      | Reached skill level 3 in Invocations
  9517 | D:8      | Reached skill level 6 in Fighting
  9571 | D:8      | Noticed Grum
  9583 | D:8      | Killed Grum
  9584 | D:8      | Reached skill level 4 in Invocations
  9589 | D:8      | Found a staircase to the Lair.
  9644 | D:8      | Reached skill level 6 in Armour
 10016 | D:8      | Found a blossoming altar of Fedhas.
 10278 | D:9      | Noticed a komodo dragon
 10289 | D:9      | Killed a komodo dragon
 10290 | D:9      | Reached skill level 7 in Fighting
 10290 | D:9      | Reached skill level 3 in Shields
 10290 | D:9      | Reached skill level 5 in Invocations
 10393 | D:9      | Found a corrupted altar of Lugonu.
 10393 | D:9      | Noticed a red ugly thing
 10393 | D:9      | Noticed a white ugly thing
 10426 | D:9      | Reached XP level 11. HP: 78/84 MP: 14/14
 10573 | D:9      | Found a transporter.
 10573 | D:9      | Found a transporter.
 10933 | D:9      | Noticed a cyan ugly thing
 10933 | D:9      | Noticed a cyan ugly thing
 10968 | D:10     | Entered Level 10 of the Dungeon
 11085 | D:10     | Reached skill level 4 in Shields
 11111 | D:11     | Reached skill level 7 in Armour
 11111 | D:11     | Reached skill level 6 in Invocations
 11316 | D:11     | Reached skill level 5 in Shields
 11325 | D:11     | Reached skill level 8 in Fighting
 11388 | D:11     | Noticed a white ugly thing
 11400 | D:11     | Killed a white ugly thing
 11401 | D:11     | Reached skill level 7 in Invocations
 11601 | D:11     | Noticed a death knight
 11647 | D:11     | Reached skill level 8 in Armour
 11647 | D:11     | Reached skill level 6 in Shields
 11879 | D:11     | Zin protects you from harm!
 12183 | D:11     | HP: 7/86 [death knight (13)]
 12353 | D:11     | Killed a death knight
 12694 | D:11     | Reached skill level 8 in Invocations
 12914 | D:10     | Reached skill level 7 in Shields
 13094 | D:10     | Noticed a two-headed ogre
 13103 | D:10     | Killed a two-headed ogre
 13104 | D:10     | Reached XP level 12. HP: 16/92 MP: 18/18
 13268 | D:10     | Noticed a two-headed ogre
 13275 | D:10     | Killed a two-headed ogre
 13276 | D:10     | Reached skill level 8 in Shields
 13276 | D:10     | Reached skill level 9 in Invocations
 13427 | D:10     | Noticed Urug
 13487 | D:11     | HP: 1/92 [poisoned by a green ugly thing]
 13488 | D:11     | Succumbed to a green ugly thing's poison

Vanquished Creatures
  A death knight (D:11)
  2 two-headed ogres (D:10)
  An ugly thing (D:11)
  A gargoyle (D:10)
  A komodo dragon (D:9)
  An unseen horror (D:11)
  A freezing wraith (D:11)
  2 trolls
  A wyvern (D:8)
  2 vampires
  A basilisk (D:11)
  3 wraiths
  6 yaks
  6 vampire mosquitoes
  Grum (D:8)
  2 steam dragons (D:8)
  Menkaure (D:5)
  An acid dragon (D:11)
  Duvessa (D:4)
  3 orc warriors
  An ice beast (D:7)
  4 black bears
  4 sky beasts
  3 necrophages
  4 wolves (D:8)
  2 centaurs
  An ogre (D:5)
  A kobold brigand (Sewer)
  A bullfrog (D:7)
  A wyvern zombie (D:5)
  Dowan (D:4)
  4 killer bees (D:9)
  5 electric eels
  19 wights
  4 howler monkeys
  8 crimson imps (D:7)
  3 hounds
  2 orc priests
  4 centaur zombies
  5 jellies
  Crazy Yiuf (D:6)
  3 iguanas
  12 orc wizards
  2 killer bee zombies (D:8)
  A hound skeleton (D:5)
  A howler monkey zombie (D:5)
  Robin (D:2)
  A gnoll (D:3)
  A howler monkey skeleton (D:5)
  7 adders
  A river rat (Sewer)
  3 shadow imps
  A white imp (D:6)
  An ufetubus (D:5)
  An adder skeleton (D:4)
  7 dart slugs
  29 orcs
  5 endoplasms
  6 giant cockroaches
  11 goblins
  11 hobgoblins
  8 jackals
  7 kobolds
  9 quokkas
  10 ball pythons
  3 bats
  4 frilled lizards
  9 rats
271 creatures vanquished.

Vanquished Creatures (others)
  A plant (D:8)
1 creature vanquished.

Grand Total: 272 creatures vanquished
